 Dungeon Crawl Stone Soup version 0.18.1-50-g88ac8fd (webtiles) character file.

7863 negitausen the Fighter (level 11, -1/87 HPs)
             Began as a Demonspawn Berserker on Sept 23, 2016.
             Was a High Priest of Trog.
             Slain by Erica
             ... wielding a +4 scimitar of flaming
              (2 damage)
             ... on level 1 of the Lair of Beasts on Oct 2, 2016.
             The game lasted 00:53:33 (6715 turns).

negitausen the Fighter (Demonspawn Berserker)       Turns: 6715, Time: 00:53:34

Health: -1/87      AC: 18    Str: 23    XL:     11   Next: 2%
Magic:  11/11      EV: 14    Int: 11    God:    Trog [*****.]
Gold:   475        SH:  5    Dex: 16    Spells: 0 memorised, 10 levels left

rFire  . . .     SeeInvis .     q - +0 war axe (flame)
rCold  + . .     Gourm    .     m - +4 chain mail {rC+}
rNeg   . . .     Faith    .     i - +0 buckler
rPois  .         Spirit   .     J - +1 hat {Int+3}
rElec  +         Dismiss  .     x - +0 cloak
rCorr  .         Reflect  .     h - +0 pair of gloves
SustAt .         Harm     .     (no boots)
MR     +....                    (no amulet)
Stlth  ..........               r - ring of protection from magic
                                I - +3 ring of dexterity

@: somewhat resistant to hostile enchantments, extremely unstealthy
A: antennae 2, repulsion field 1, demonic guardian 1, powered by death 3,
regeneration 1, electricity resistance, strong 1
a: Berserk, Trog's Hand, Brothers in Arms, Burn Spellbooks, Renounce Religion


You were on level 1 of the Lair of Beasts.
You worshipped Trog.
Trog was extremely pleased with you.
You were not hungry.

You visited 3 branches of the dungeon, and saw 11 of its levels.
You also visited: Ossuary.

You collected 475 gold pieces.

Inventory:

Hand Weapons
 a - a +0 mace
 o - a +0 shortbow
 q - a +0 war axe of flaming (weapon)
 M - a +0 shortbow of evasion
 O - a +4 antimagic falchion
Missiles
 p - 81 arrows
 y - a throwing net (quivered)
Armour
 b - a +0 animal skin
 g - a +0 scale mail
 h - a +0 pair of gloves (worn)
 i - a +0 buckler (worn)
 j - a +0 scale mail
 k - a +0 helmet
 m - a +4 chain mail of cold resistance (worn)
 x - a +0 cloak (worn)
 E - a +0 scale mail of poison resistance
 J - a +1 hat of intelligence (worn)
Jewellery
 l - an uncursed ring of teleportation
 r - a ring of protection from magic (right hand)
 w - a cursed ring of teleportation
 I - a +3 ring of dexterity (left hand)
Wands
 u - a wand of flame (22/48)
 B - a wand of polymorph (9/24)
Scrolls
 d - 5 scrolls of fear
 e - 7 scrolls of identify
 z - 3 scrolls of noise
 C - 3 scrolls of random uselessness
 F - a scroll of immolation
 H - a scroll of teleportation
 N - a scroll of remove curse
Potions
 n - 8 potions of flight
 v - 4 potions of curing
 A - 9 potions of degeneration
 D - 3 potions of lignification
 L - a potion of might
Comestibles
 c - 4 bread rations
 f - 5 meat rations
 s - 6 beef jerkies
 t - 6 fruits
 G - a royal jelly
 K - a slice of pizza


   Skills:
 + Level 8.6 Fighting
 + Level 8.0(8.4) Axes
 + Level 3.9(6.4) Maces & Flails
 + Level 7.7 Armour
 + Level 6.1 Dodging
 + Level 2.7 Stealth
 + Level 4.1 Shields


You had 10 spell levels left.
You didn't know any spells.

Dungeon Overview and Level Annotations

Branches:
Dungeon (9/15)             Temple (1/1) D:6            Lair (1/8) D:9
    Orc: D:9-12

Altars:
Ashenzari
Cheibriados
Dithmenos
Elyvilon
Fedhas
Gozag
Kikubaaqudgha
Makhleb
Nemelex Xobeh
Okawaru
Pakellas
Qazlal
Ru
Sif Muna
Trog
Vehumet
Xom
Yredelemnul
Zin
The Shining One

Shops:
D:9 !

Annotations:
Lair:1 Erica


Innate Abilities, Weirdness & Mutations

You have a pair of antennae on your head.
You are surrounded by a mild repulsion field (EV +2).
A weak demonic guardian rushes to your aid.
You regenerate a lot of health from kills.
Your natural rate of healing is unusually fast.
You are resistant to electric shocks.
Your muscles are strong. (Str +2)


Message History

Something burns you.
* * * LOW HITPOINT WARNING * * *
You closely miss something.
You hear some strange, mumbled words.
Something tries to affect you, but you resist.
Drink which item? (? for menu, Esc to quit)
You feel better. Something hits you but does no damage.
You completely miss something.
You feel less regenerative. Something hits you but does no damage.
You hit something but do no damage. Something hits you.
* * * LOW HITPOINT WARNING * * *
Something burns you.
* * * LOW HITPOINT WARNING * * *
You slash something! You burn something.
Something tries to affect you, but you resist.
You hit something but do no damage. Something hits you!
* * * LOW HITPOINT WARNING * * *
Something burns you.
You die...

#†≈≈#.##......# ....#
†≈≈≈....#.....# ....#
#P≈≈..........# ....
#≈≈≈.PP##..†..# ...
≈≈≈...###.....# ..
≈≈##### #.....# .## ###
#.....###.P####.
#########...............
...............{@.......
############P###########
# ###


There were no monsters in sight!

Vanquished Creatures
  Gastronok (D:8)
  Maurice (D:9)
  Psyche (D:8)
  A spiny frog (Lair:1)
  A two-headed ogre (D:8)
  A vampire (D:9)
  2 hippogriffs
  4 swamp worms (Lair:1)
  A water moccasin (D:9)
  A porcupine (Lair:1)
  5 orc warriors
  An ice beast (D:5)
  A black bear (D:5)
  A sky beast (D:8)
  A swamp drake (D:9)
  2 ogres
  A centaur (D:3)
  A big kobold (D:8)
  6 giant frogs
  11 scorpions
  5 killer bees (D:8)
  2 howler monkeys
  An electric eel (Lair:1)
  A centaur zombie (D:5)
  4 crimson imps
  A jelly (D:5)
  A giant frog zombie (D:6)
  2 orc priests
  A human zombie (Ossuary)
  9 orc wizards
  Jessica (D:2)
  2 giant frog skeletons
  6 iguanas
  5 worker ants
  A big kobold zombie (Ossuary)
  5 mummies (Ossuary)
  A hound zombie (D:5)
  A hound skeleton (D:7)
  15 gnolls
  12 adders
  2 shadow imps
  An ooze (D:3)
  14 worms
  5 dart slugs
  7 giant geckos
  38 orcs
  2 giant cockroaches
  9 goblins
  9 hobgoblins
  11 jackals
  6 quokkas
  6 bats
  4 giant newts
  A gnoll zombie (Ossuary)
  A goblin zombie (Ossuary)
  4 hobgoblin zombies (Ossuary)
  12 kobolds
  A quokka zombie (D:7)
  7 rats
  13 fungi (D:6)
  2 plants (Lair:1)
275 creatures vanquished.

Vanquished Creatures (collateral kills)
  Prince Ribbit (D:6)
  A hippogriff (Lair:1)
  An ice beast (D:7)
  An ogre (D:5)
  A scorpion (D:6)
  An orc priest (D:7)
  An adder (D:5)
  9 orcs
  A bat (D:6)
17 creatures vanquished.

Vanquished Creatures (others)
  An orc wizard (D:8)
  An iguana (D:9)
  A plant (Lair:1)
3 creatures vanquished.

Grand Total: 295 creatures vanquished

Notes
Turn   | Place    | Note
--------------------------------------------------------------
     0 | D:1      | negitausen the Demonspawn Berserker began the quest for the Orb.
     0 | D:1      | Reached XP level 1. HP: 18/18 MP: 1/1
   133 | D:1      | Gained mutation: You have a pair of small antennae on your head. [demonic ancestry]
   133 | D:1      | Reached XP level 2. HP: 17/24 MP: 2/2
   738 | D:2      | Found a shimmering altar of Xom.
   747 | D:2      | Gained mutation: You regenerate a little health from kills. [demonic ancestry]
   747 | D:2      | Reached XP level 3. HP: 29/29 MP: 3/3
   874 | D:2      | Reached ** piety under Trog
  1003 | D:2      | Noticed Jessica
  1017 | D:2      | Killed Jessica
  1017 | D:2      | Gained mutation: A weak demonic guardian rushes to your aid. [demonic ancestry]
  1017 | D:2      | Reached XP level 4. HP: 33/36 MP: 4/4
  1551 | D:3      | Noticed a centaur
  1557 | D:3      | Killed a centaur
  1557 | D:3      | Reached XP level 5. HP: 36/42 MP: 5/5
  1831 | D:4      | Gained mutation: Your muscles are strong. (Str +2) [potion of beneficial mutation]
  1833 | D:4      | Gained mutation: You are resistant to electric shocks. [potion of beneficial mutation]
  1862 | D:4      | Reached *** piety under Trog
  2260 | D:5      | Entered Level 5 of the Dungeon
  2340 | D:5      | Noticed an ogre
  2348 | D:5      | Killed an ogre
  2348 | D:5      | Gained mutation: You are surrounded by a mild repulsion field (EV +2). [demonic ancestry]
  2348 | D:5      | Reached XP level 6. HP: 49/49 MP: 6/6
  2669 | D:5      | Reached skill level 1 in Axes
  2735 | D:5      | Gained mutation: You regenerate health from kills. [demonic ancestry]
  2735 | D:5      | Reached XP level 7. HP: 50/55 MP: 7/7
  2744 | D:5      | Found a shadowy altar of Dithmenos.
  2749 | D:5      | Found a burning altar of Makhleb.
  2750 | D:5      | Found a blossoming altar of Fedhas.
  2751 | D:5      | Found a glowing golden altar of the Shining One.
  2751 | D:5      | Found a glowing silver altar of Zin.
  2751 | D:5      | Found a stormy altar of Qazlal.
  2752 | D:5      | Found a radiant altar of Vehumet.
  2961 | D:6      | Reached skill level 5 in Fighting
  3017 | D:6      | Reached skill level 1 in Stealth
  3024 | D:6      | Reached **** piety under Trog
  3116 | D:6      | Found a staircase to the Ecumenical Temple.
  3127 | Temple   | Entered the Ecumenical Temple
  3318 | D:6      | Noticed Prince Ribbit
  3341 | D:6      | Killed Prince Ribbit
  3341 | D:6      | Reached skill level 1 in Shields
  3341 | D:6      | Reached XP level 8. HP: 19/63 MP: 8/8
  3511 | D:6      | Reached skill level 5 in Armour
  4028 | D:7      | Found a deep blue altar of Sif Muna.
  4112 | D:7      | Reached ***** piety under Trog
  4116 | D:7      | Gained mutation: You regenerate a lot of health from kills. [demonic ancestry]
  4116 | D:7      | Reached XP level 9. HP: 55/71 MP: 9/9
  4173 | D:7      | Found a sand-covered staircase.
  4180 | Ossuary  | Entered an ossuary
  4249 | Ossuary  | Gained mutation: Your system is resistant to poisons. [potion of mutation]
  4249 | Ossuary  | Gained mutation: Your natural rate of healing is unusually fast. [potion of mutation]
  4289 | Ossuary  | Gained mutation: Your body sometimes deteriorates upon taking damage. [potion of mutation]
  4289 | Ossuary  | Gained mutation: Scrolls take you a little longer to read. [potion of mutation]
  4289 | Ossuary  | Gained mutation: You are dopey. (Int -2) [potion of mutation]
  4415 | Ossuary  | Gained mutation: Your spells are a little harder to cast, but a little more powerful. [potion of mutation]
  4513 | D:7      | Reached skill level 5 in Axes
  4519 | D:7      | Found a sacrificial altar of Ru.
  4708 | D:7      | Found a white marble altar of Elyvilon.
  4812 | D:7      | Found an iron altar of Okawaru.
  5024 | D:8      | Reached skill level 5 in Dodging
  5122 | D:8      | Noticed Gastronok
  5214 | D:8      | Noticed Psyche
  5223 | D:8      | Killed Psyche
  5257 | D:8      | Killed Gastronok
  5257 | D:8      | Gained mutation: You have a pair of antennae on your head. [demonic ancestry]
  5257 | D:8      | Reached XP level 10. HP: 16/80 MP: 10/10
  5296 | D:8      | Received a gift from Trog
  5690 | D:9      | Found a bloodstained altar of Trog.
  5724 | D:9      | Lost mutation: Scrolls take you a little longer to read. [potion of cure mutation]
  5724 | D:9      | Lost mutation: Your spells are a little harder to cast, but a little more powerful. [potion of cure mutation]
  5724 | D:9      | Lost mutation: You are dopey. (Int -2) [potion of cure mutation]
  5724 | D:9      | Lost mutation: Your system is resistant to poisons. [potion of cure mutation]
  5724 | D:9      | Lost mutation: Your body sometimes deteriorates upon taking damage. [potion of cure mutation]
  5960 | D:9      | Found Hinonoli's Distillery.
  6046 | D:9      | Noticed Maurice
  6066 | D:9      | Killed Maurice
  6222 | D:9      | Found a staircase to the Lair.
  6227 | Lair:1   | Entered Level 1 of the Lair of Beasts
  6442 | Lair:1   | Identified a scroll of acquirement
  6566 | Lair:1   | Received a gift from Trog
  6676 | Lair:1   | Noticed a spiny frog
  6679 | Lair:1   | Noticed Erica
  6694 | Lair:1   | HP: 4/82 [poisoned by a spiny frog]
  6696 | Lair:1   | Killed a spiny frog
  6696 | Lair:1   | Reached XP level 11. HP: 4/87 MP: 11/11
  6696 | Lair:1   | HP: 1/87 [something (1)]
  6709 | Lair:1   | HP: 3/87 [something (4)]
  6715 | Lair:1   | HP: 1/87 [something (9)]
  6715 | Lair:1   | Slain by Erica

Skill      XL: |  1  2  3  4  5  6  7  8  9 10 |
---------------+-------------------------------+-----
Maces & Flails | 3 |  3.9
Armour         | 2 3 4 6 7 |  7.7
Dodging        | 2 3 4 5 6 |  6.1
Fighting       | 4 5 6 7 8 |  8.6
Axes           | 1 2 4 7 8 |  8.0
Stealth        | 1 2 |  2.7
Shields        | 1 3 4 |  4.1

Action                   |  1- 3 |  4- 6 |  7- 9 | 10-12 || total
-------------------------+-------+-------+-------+-------++-------
Melee: Mace              |   111 |    59 |       |       ||   170
       War axe           |       |    56 |   410 |   361 ||   827
Invok: Burn Spellbooks   |     1 |     2 |       |       ||     3
       Berserk           |       |       |     2 |     2 ||     4
       Trog's Hand       |       |       |     1 |       ||     1
  Use: Scroll            |     6 |     6 |    10 |     4 ||    26
       Potion            |     2 |     6 |     8 |     2 ||    18
 Stab: Sleeping          |     1 |       |       |       ||     1
       Paralysed         |       |       |     2 |       ||     2
       Invisible         |       |       |     1 |       ||     1
  Eat: Bread ration      |       |     1 |     1 |       ||     2
       Meat ration       |       |     1 |     1 |     2 ||     4
Armor: Animal skin       |     6 |       |       |       ||     6
       Scale mail        |    46 |    48 |    15 |       ||   109
       Chain mail        |       |       |   180 |   126 ||   306
Dodge: Dodged            |    71 |    75 |   276 |   151 ||   573
Block: Buckler           |       |    13 |    62 |    69 ||   144
